 Dungeon Crawl Stone Soup version 0.21.1-1-g345015fe64 (webtiles) character file.

12479 Peloso the Carver (level 11, -15/97 HPs)
             Began as a Minotaur Fighter on Apr 14, 2018.
             Was a High Priest of Okawaru.
             Killed from afar by a storm dragon (38 damage)
             ... with a bolt of lightning
             ... on level 12 of the Dungeon.
             The game lasted 00:25:38 (10482 turns).

Peloso the Carver (Minotaur Fighter)               Turns: 10482, Time: 00:25:39

Health: -15/97     AC: 25    Str: 27    XL:     11   Next: 63%
Magic:  10/10      EV:  8    Int:  5    God:    Okawaru [*****.]
Gold:   708        SH: 13    Dex: 12    Spells: 10/10 levels left

rFire    . . .     SeeInvis .   A - +3 long sword (elec)
rCold    . . .     Gourm    +   c - +0 shield
rNeg     . . .     Faith    .   b - +0 plate armour
rPois    .         Spirit   .   L - +1 hat
rElec    .         Reflect  .   x - +2 cloak
rCorr    .         Harm     .   O - +3 pair of gauntlets of War {Slay+5}
MR       .....     Rnd*Tele +   y - +0 pair of boots
Stlth    ..........             q - amulet of the gourmand
HPRegen  0.26/turn              s - +5 ring of strength
MPRegen  0.12/turn              G - ring of teleportation (curse)

@: no status effects
A: retaliatory headbutt, horns 2
a: Heroism, Finesse, Renounce Religion


You were on level 12 of the Dungeon.
You worshipped Okawaru.
Okawaru was extremely pleased with you.
You were completely stuffed.

You visited 2 branches of the dungeon, and saw 13 of its levels.

You collected 877 gold pieces.
You spent 169 gold pieces at shops.

Inventory:

Hand Weapons
 a - a +0 falchion of flaming
 A - a +3 long sword of electrocution (weapon)
Armour
 b - a +0 plate armour (worn)
 c - a +0 shield (worn)
 x - a +2 cloak (worn)
 y - a +0 pair of boots (worn)
 L - a +1 hat (worn)
 O - the +3 pair of gauntlets of War (worn) {Slay+5}
   (You found it on level 11 of the Dungeon)

   It affects your accuracy and damage with ranged weapons and melee attacks
   (+5).
Jewellery
 q - an amulet of the gourmand (around neck)
 s - a +5 ring of strength (left hand)
 D - an uncursed ring of fire
 G - a cursed ring of teleportation (right hand)
 H - an uncursed amulet of regeneration
Wands
 r - a wand of paralysis (41)
 B - a wand of random effects (71)
 M - a wand of acid (5)
Scrolls
 e - 6 scrolls of identify
 g - 7 scrolls of remove curse
 i - 5 scrolls of teleportation {unknown}
 j - a scroll of random uselessness {unknown}
 m - 3 scrolls of magic mapping {unknown}
 t - 3 scrolls of blinking {unknown}
 u - 4 scrolls of enchant armour {unknown}
 v - 3 scrolls of amnesia {unknown}
 F - 2 scrolls of summoning {unknown}
 J - a scroll of enchant weapon {unknown}
 P - a scroll of immolation {unknown}
Potions
 d - a potion of might
 h - 6 potions of curing
 k - a potion of haste
 l - a potion of mutation
 n - 2 potions of agility
 o - 2 potions of magic {unknown}
 p - 2 potions of cancellation
 w - 2 potions of resistance
 z - 2 potions of flight {unknown}
 C - a potion of lignification {unknown}
 E - a potion of brilliance {unknown}
 I - a potion of degeneration {unknown}
 N - a potion of berserk rage {unknown}
Books
 K - a book of Changes

   Spells                             Type                      Level
   a - Beastly Appendage              Transmutation                1
   b - Sticks to Snakes               Transmutation                2
   c - Spider Form                    Transmutation/Poison         3
   d - Ice Form                       Ice/Transmutation            4
   e - Blade Hands                    Transmutation                5
Comestibles
 f - 26 rations
 Q - a chunk of flesh


   Skills:
 + Level 9.2 Fighting
 + Level 12.4 Long Blades
 + Level 10.8 Armour
 + Level 3.3 Dodging
 + Level 1.4 Stealth
 + Level 12.4 Shields
 + Level 1.1 Invocations


You had 10 spell levels left.
You didn't know any spells.

Dungeon Overview and Level Annotations

Branches:
Dungeon (12/15)            Temple (1/1) D:4            Lair (0/6) D:10
    Orc (0/2) D:10

Altars:
Ashenzari
Cheibriados
Dithmenos
Fedhas
Gozag
Hepliaklqana
Kikubaaqudgha
Makhleb
Nemelex Xobeh
Okawaru
Qazlal
Ru
Sif Muna
Vehumet
Xom
The Shining One

Shops:
D:7 :(*(   D:8 :%%   D:9 %

Annotations:
D:10 exclusion: oklob plant


Innate Abilities, Weirdness & Mutations

You reflexively headbutt those who attack you in melee.
You have a pair of horns on your head.


Message History

Okawaru accepts your kill.
Items here: )) [[ an enchanted mace; a robe; a battleaxe; a robe
Things that are here:
a scimitar; a robe A storm dragon comes into view.
The storm dragon roars deafeningly!
You hear a shout! x2
A worker ant, a troll and a simulacrum come into view.
There are monsters nearby!
Unknown command.
The storm dragon breathes lightning at you.
The bolt of lightning hits you!
Ouch! That really hurt!
You hear a shout! x2; You hear two shouts!
The storm dragon breathes lightning at you.
The bolt of lightning hits you!
* * * LOW HITPOINT WARNING * * *
The storm dragon breathes lightning at you.
The bolt of lightning hits you!
You die...

#...###.#######
#...#.........#
#...<.#.#####.#
##..###.# #.# #..
..# #.# .... ####
#.# ..... ###.#
#..... #####...#
....... #.@....##
.#..... #.###..#
#.##...#
##.##.#.#
#Z......#
#.###.### #.# #.#
#D# #.#
#######.#########


You could see a storm dragon and a wolf spider simulacrum.

Vanquished Creatures
  A two-headed ogre (D:11)
  Pikel (D:5)
  4 cyclopes (D:11)
  A manticore (D:11)
  2 hornets (D:9)
  Prince Ribbit (D:9)
  A hippogriff (D:8)
  A wraith (D:10)
  9 yaks
  A steam dragon (D:9)
  A hungry ghost (D:7)
  A soldier ant (D:9)
  3 ice beasts
  8 orc warriors
  An eye of draining (D:10)
  2 black bears (D:7)
  2 sky beasts
  A slave (D:5)
  4 phantoms
  7 ogres
  A necrophage (D:6)
  A crocodile (D:10)
  12 centaurs
  7 bullfrogs
  A big kobold (D:7)
  3 scorpions
  A water moccasin skeleton (D:10)
  8 killer bees
  A howler monkey (D:4)
  10 wights
  A crimson imp (D:5)
  2 quasits
  A bullfrog zombie (D:7)
  10 orc priests
  8 hounds
  2 bullfrog skeletons
  3 iguanas
  16 orc wizards
  Natasha (thrice) (D:2)
  11 worker ants
  3 hound skeletons
  A worker ant zombie (D:11)
  A howler monkey zombie (D:8)
  3 gnolls (D:3)
  10 adders
  2 shadow imps
  An ooze (D:1)
  An adder zombie (D:8)
  An adder skeleton (D:4)
  4 worms
  A leopard gecko (D:3)
  47 orcs
  6 giant cockroaches
  7 goblins
  3 hobgoblins
  2 jackals (D:11)
  13 kobolds
  A quokka (D:9)
  3 ball pythons
  4 bats
  2 frilled lizards (D:4)
  2 quokka skeletons
  7 rats
279 creatures vanquished.

Vanquished Creatures (others)
  4 orcs
  2 plants (D:10)
6 creatures vanquished.

Grand Total: 285 creatures vanquished

Notes
Turn   | Place    | Note
-------+----------+-------------------------------------------
     0 | D:1      | Peloso the Minotaur Fighter began the quest for the Orb.
     0 | D:1      | Reached XP level 1. HP: 19/19 MP: 0/0
   161 | D:1      | Reached XP level 2. HP: 27/27 MP: 1/1
   545 | D:2      | Noticed Natasha
   553 | D:2      | Killed Natasha
   553 | D:2      | Reached XP level 3. HP: 18/33 MP: 2/2
   900 | D:2      | Reached XP level 4. HP: 37/40 MP: 3/3
  1005 | D:2      | Noticed Natasha
  1011 | D:2      | Killed Natasha
  1011 | D:2      | Reached skill level 1 in Dodging
  1057 | D:2      | Noticed Natasha
  1061 | D:2      | Killed Natasha
  1147 | D:2      | Reached XP level 5. HP: 27/46 MP: 4/4
  1355 | D:2      | Reached skill level 5 in Shields
  2289 | D:4      | Noticed a phantom
  2556 | D:4      | Reached XP level 6. HP: 31/53 MP: 5/5
  2593 | D:4      | Reached skill level 5 in Long Blades
  2593 | D:4      | Reached skill level 5 in Armour
  2789 | D:4      | Found a staircase to the Ecumenical Temple.
  2824 | Temple   | Entered the Ecumenical Temple
  2870 | Temple   | Became a worshipper of Warmaster Okawaru
  2906 | D:4      | Reached XP level 7. HP: 58/60 MP: 6/6
  2950 | D:4      | Reached skill level 5 in Fighting
  3175 | D:4      | Reached * piety under Okawaru
  3633 | D:5      | Entered Level 5 of the Dungeon
  3688 | D:5      | Found a hazy altar of Hepliaklqana.
  3703 | D:5      | Reached XP level 8. HP: 48/70 MP: 7/7
  3856 | D:5      | Noticed Pikel
  3898 | D:5      | Killed Pikel
  3950 | D:5      | Found a deep blue altar of Sif Muna.
  3950 | D:5      | Found a stormy altar of Qazlal.
  4524 | D:5      | Reached ** piety under Okawaru
  4623 | D:6      | Reached XP level 9. HP: 61/78 MP: 8/8
  4886 | D:6      | Found a shattered altar of Ashenzari.
  5181 | D:6      | Found a burning altar of Makhleb.
  5424 | D:7      | Found Barch's Book Boutique.
  5487 | D:7      | Reached *** piety under Okawaru
  5506 | D:7      | Found Cyhokon's Antique Weapon Shop.
  5582 | D:7      | Found Getwokos's General Store.
  6077 | D:8      | Reached skill level 10 in Long Blades
  6188 | D:8      | Reached XP level 10. HP: 84/86 MP: 9/9
  6202 | D:8      | Found a shimmering altar of Xom.
  6204 | D:8      | Found a shimmering altar of Xom.
  6205 | D:8      | Found a shimmering altar of Xom.
  6205 | D:8      | Found a shimmering altar of Xom.
  6205 | D:8      | Found a shimmering altar of Xom.
  6322 | D:8      | Found Uchey's Book Shoppe.
  6498 | D:8      | Found Zirph's Food Shop.
  6565 | D:8      | Found Ogheyw's Food Shoppe.
  6643 | D:7      | Reached **** piety under Okawaru
  6730 | D:7      | Found Foskosor's Antique Weapon Shop.
  6917 | D:7      | Bought a runed long sword for 169 gold pieces
  7269 | D:8      | Noticed an orb spider
  7269 | D:8      | an orb spider changed into a tarantella
  7325 | D:9      | Reached skill level 1 in Invocations
  7379 | D:9      | Reached skill level 10 in Shields
  7408 | D:9      | Noticed Prince Ribbit
  7422 | D:9      | Killed Prince Ribbit
  7777 | D:9      | Reached ***** piety under Okawaru
  7809 | D:9      | Found Widok's Food Boutique.
  7875 | D:9      | Reached skill level 1 in Stealth
  8005 | D:10     | Entered Level 10 of the Dungeon
  8058 | D:10     | Reached skill level 10 in Armour
  8082 | D:10     | Found a staircase to the Lair.
  8082 | D:10     | Noticed an oklob plant
  8162 | D:10     | Found a staircase to the Orcish Mines.
  8545 | D:11     | Noticed a cyclops
  8675 | D:11     | Killed a cyclops
  8675 | D:11     | Reached XP level 11. HP: 70/95 MP: 10/10
  9222 | D:10     | Received a gift from Okawaru
  9784 | D:11     | Noticed a two-headed ogre
  9791 | D:11     | Killed a two-headed ogre
  9798 | D:11     | Found the +3 pair of gauntlets of War {Slay+5}
 10471 | D:12     | Noticed a storm dragon
 10482 | D:12     | Killed from afar by a storm dragon

Skill      XL: |  1  2  3  4  5  6  7  8  9 10 11 |
---------------+----------------------------------+-----
Shields        | 4 5 6 7 9 11 12 | 12.4
Fighting       | 4 5 6 7 8 9 |  9.2
Long Blades    | 3 4 5 7 8 10 11 12 | 12.4
Armour         | 4 5 6 7 8 10 | 10.8
Dodging        | 1 2 3 |  3.3
Invocations    | 1 |  1.1
Stealth        | 1 |  1.4

Action                   |  1- 3 |  4- 6 |  7- 9 | 10-12 || total
-------------------------+-------+-------+-------+-------++-------
Melee: Long sword        |    61 |   122 |    51 |   275 ||   509
       Headbutt          |    14 |    23 |    95 |    83 ||   215
       Falchion          |       |       |   327 |    82 ||   409
Invok: Heroism           |       |       |       |     1 ||     1
  Use: Potion            |       |     1 |     1 |       ||     2
       Scroll            |       |     3 |     3 |       ||     6
  Eat: Chunk             |       |     4 |     6 |    37 ||    47
       Ration            |       |     1 |     1 |       ||     2
Armor: Scale mail        |    35 |    22 |       |       ||    57
       Chain mail        |       |    51 |    66 |       ||   117
       Plate armour      |       |       |   118 |   149 ||   267
Dodge: Dodged            |    16 |    37 |   113 |    89 ||   255
Block: Shield            |    38 |    52 |   236 |   226 ||   552
       Rpst.: Long sword |     6 |    10 |     2 |    16 ||    34
       Falchion          |       |       |    18 |     4 ||    22
